 Dungeon Crawl Stone Soup version 0.27-a0-34-gc18c9092ac (webtiles) character file.

Game seed: 2837289496207899725

14 robertstho the Skirmisher (level 2, -5/24 HPs)
             Began as a Demonspawn Abyssal Knight on Jan 4, 2021.
             Was a Follower of Lugonu.
             Slain by an ogre
             ... wielding a +0 giant club
              (18 damage)
             ... on level 2 of the Dungeon.
             The game lasted 00:01:03 (491 turns).

robertstho the Skirmisher (DsAK)                     Turns: 491, Time: 00:01:04

Health: -5/24      AC:  4    Str: 12    XL:     2   Next: 27%
Magic:  4/4        EV: 11    Int: 13    God:    Lugonu [*.....]
Gold:   17         SH:  0    Dex: 12    Spells: 1/1 levels left

rFire    . . .     SeeInvis .   a - +1 falchion
rCold    . . .     Faith    .   (no shield)
rNeg     . . .     Spirit   .   b - +0 leather armour
rPois    .         Reflect  .   (helmet restricted)
rElec    .         Harm     .   c - +0 cloak
rCorr    .         Rampage  .   (no gloves)
Will     .....                  (no boots)
Stlth    +.........             (no amulet)
HPRegen  0.08/turn              (no ring)
MPRegen  0.09/turn              (no ring)

@: no status effects
A: antennae 1
a: Renounce Religion, Depart the Abyss


You were on level 2 of the Dungeon.
You worshipped Lugonu.
Lugonu was aware of your devotion.
You visited 1 branch of the dungeon, and saw 2 of its levels.
You visited the Abyss 1 time.

You collected 17 gold pieces.

Inventory:

Hand Weapons
 a - a +1 falchion (weapon)
Armour
 b - a +0 leather armour (worn)
 c - a +0 cloak (worn)
Scrolls
 d - a scroll of fear {unknown}
Potions
 e - a potion of lignification {unknown}
 f - a potion of haste {unknown}


   Skills:
 + Level 3.4 Fighting
 + Level 1.7 Long Blades
 + Level 1.9 Armour
 + Level 0.8 Dodging
 + Level 2.8 Invocations


You had one spell level left.
You didn't know any spells.
Your spell library was empty.

Dungeon Overview and Level Annotations

Branches:
Dungeon (1/15)

Altars:


Innate Abilities, Weirdness & Mutations

You have a pair of small antennae on your head.


Message History

Lugonu accepts your kill.
No target in view!
No target in view!
An ogre comes into view. It is wielding a +0 giant club.
An ogre is nearby!
An ogre is nearby!
An ogre is nearby!
An ogre is nearby!
An ogre is nearby!
The ogre shouts!
Found 6 gold pieces and 22 stones.
You hit the ogre.
The ogre is lightly wounded.
The ogre hits you with a +0 giant club!
You hit the ogre.
The ogre is moderately wounded.
A frilled lizard comes into view.
The ogre hits you with a +0 giant club!!
Ouch! That really hurt!
You die...

........ #.....l
#..$..### ....... ......
.#.####...## ...
.......O<.># #.# #@...#
#.# ####....# #.#
###.....#+## #.#
#.......)..# #.#
#..........#
#.#########..........#
#...........#..........
..#...#####.#...........
..+..<....#.#...........


You could see an ogre and a frilled lizard (wandering).

Vanquished Creatures
  An adder (D:2)
  A goblin (D:2)
  A hobgoblin (D:2)
  A bat (D:2)
  A frilled lizard (D:2)
  A rat (D:2)
6 creatures vanquished.

Notes
Turn   | Place    | Note
-------+----------+-------------------------------------------
     0 | Abyss:1  | robertstho the Demonspawn Abyssal Knight began the quest
                  | for the Orb.
     0 | Abyss:1  | Reached XP level 1. HP: 18/18 MP: 2/2
     4 | Abyss:1  | Found a burning altar of Makhleb.
    38 | D:1      | Escaped the Abyss
   220 | D:1      | You fall into a shaft and drop 1 floor!
   245 | D:2      | Gained mutation: You have a pair of small antennae on your
                  | head. [demonic ancestry]
   245 | D:2      | Reached XP level 2. HP: 15/24 MP: 3/3
   420 | D:2      | Reached * piety under Lugonu
   486 | D:2      | Noticed an ogre
   491 | D:2      | Slain by an ogre

Illustrated notes

Levels and vault maps discovered:
D:1:      erik_arrival_blinker_ship, layout_basic, dk_noncrumbling_4
D:2:      layout_basic, uniq_natasha

Action                   || total
-------------------------++-------
Melee: Falchion          ||    15
Invok: Depart the Abyss  ||     1
 Stab: Sleeping          ||     1
Armor: Leather armour    ||     5
Dodge: Dodged            ||     5
       Rpst.: Falchion   ||     2

Table legend: (Time is in decaauts)
 A = Elapsed time spent in this place.
 B = Non-inter-level travel time spent in this place.
 C = Inter-level travel time spent in this place.
 D = Time resting spent in this place.
 E = Time spent auto-exploring this place.
 F = Levels seen in this place.
 G = Mean time per level.
                   A        B        C        D        E       F      G
               +--------+--------+--------+--------+--------+-----+--------+
         Total |    493 |    493 |      0 |    153 |    285 |   3 |  164.3 |
       Dungeon |    455 |    455 |      0 |    153 |    251 |   2 |  227.5 |
         Abyss |     38 |     38 |      0 |      0 |     34 |   1 |   38.0 |
               +--------+--------+--------+--------+--------+-----+--------+

Top non-repeatable levels by time:
     D:2: 273 daAuts
     D:1: 181 daAuts
 Abyss:1: 38 daAuts
